Map: Cosmic Sapphire

Players

Cham - Winner!

  • Race: Zerg Zerg
  • Spawn Location: 11:00

Geralt (Gerald)

  • Race: Protoss Protoss
  • League: Master
  • Spawn Location: 5:00

Event: HomeStory Cup XXII

VOD

Have the link to the VOD?

Description

Time

  • Played on: Dec. 15, 2022, 2:46 p.m.
  • Length: 13:44

All games in this series

Show
View Real Time Build Order
Export as new Build Order

Cham Zerg - Winner!

Build Orders: Hatch First 

Get SALT Encoding   

  12  0:00  Drone  
  13  0:12  Overlord  
  13  0:16  Drone  
  14  0:30  Drone x2  
  16  0:49  Hatchery  
  15  0:52  Drone  
  15  0:55  Drone  
  17  0:59  Drone  
  18  1:15  Spawning Pool  
  18  1:17  Drone  
  18  1:19  Extractor  
  18  1:20  Drone  
  18  1:27  Drone  
  19  1:40  Drone  
  20  1:52  Overlord  
  20  2:02  Zergling x4  
  20  2:03  Queen x2  
  26  2:10  Drone  
  26  2:11  Drone  
  28  2:20  Metabolic Boost  
  28  2:22  Drone x2  
  30  2:44  Queen  
  30  2:46  Hatchery  
  30  2:50  Drone  
  33  2:51  Zergling x2  
  33  2:53  Overlord  
  33  2:57  Drone  
  34  3:00  Drone  
  35  3:07  Drone  
  37  3:12  Zergling x2  
  37  3:13  Zergling x2  
  37  3:14  Drone x2  
  37  3:15  Drone  
  37  3:16  Drone  
  42  3:20  Queen  
  42  3:27  Overlord  
  43  3:38  Drone  
  43  3:39  Drone  
  44  3:42  Spore Crawler  
  44  3:44  Drone  
  44  3:46  Spore Crawler  
  44  3:47  Drone x3  
  44  3:48  Drone  
  47  3:50  Drone  
  47  3:52  Drone  
  47  3:54  Drone  
  50  3:57  Overlord  
  51  4:02  Drone  
  51  4:05  Drone x3  
  51  4:07  Drone  
  51  4:09  Drone  
  55  4:17  Overlord  
  54  4:18  Drone x3  
  54  4:23  Spore Crawler  
  56  4:27  Roach Warren  
  56  4:31  Lair  
  54  4:35  Extractor  
  54  4:36  Drone x4  
  54  4:38  Zergling x4  
  59  4:40  Zergling x2  
  57  4:47  Zergling x4  
  57  4:48  Drone x2  
  57  4:50  Drone  
  57  4:51  Drone  
  57  4:52  Drone  
  64  4:59  Drone x2  
  66  5:00  Overlord  
  66  5:07  Drone, Hatchery, Extractor  
  66  5:08  Extractor  
  66  5:12  Evolution Chamber  
  66  5:14  Drone x3  
  64  5:18  Drone  
  64  5:19  Drone x3  
  70  5:21  Drone x2  
  70  5:22  Drone  
  70  5:23  Drone  
  70  5:26  Pneumatized Carapace  
  74  5:31  Overlord x2  
  74  5:35  Overlord  
  74  5:38  Zerg Missile Weapons Level 1  
  74  5:39  Overlord  
  74  5:40  Overlord  
  74  5:47  Overlord  
  74  5:49  Glial Reconstitution, Overlord  
  74  5:52  Roach x2, Extractor  
  77  6:02  Roach x5  
  87  6:06  Overlord  
  87  6:09  Drone  
  87  6:10  Roach  
  87  6:11  Roach x2  
  94  6:20  Roach x5  
  94  6:24  Overlord  
  104  6:27  Roach x2  
  104  6:31  Overlord  
  108  6:34  Roach x2  
  108  6:36  Overlord  
  112  6:43  Roach x3  
  112  6:45  Roach  
  120  6:52  Roach x3  
  126  6:59  Roach  
  126  7:00  Roach x3  
  134  7:02  Overlord  
  134  7:03  Overlord  
  134  7:10  Roach x4  
  134  7:11  Zergling x2  
  134  7:12  Zergling x2  
  145  7:15  Ravager x2  
  145  7:16  Ravager  
  145  7:18  Zergling x6  
  145  7:19  Zergling x2  
  150  7:29  Ravager x2  
  151  7:31  Zergling x18  
  151  7:35  Zergling x2  
  148  7:45  Zergling x2, Roach x3  
  148  7:46  Roach  
  145  7:54  Roach  
  145  7:55  Roach x4  
  141  8:01  Roach x2  
  141  8:02  Roach  
  141  8:04  Roach  
  145  8:12  Roach  
  142  8:16  Roach x3  
  137  8:25  Roach x5  
  137  8:26  Roach  
  147  8:29  Roach  
  149  8:37  Roach x3  
  149  8:38  Zerg Missile Weapons Level 2  
  153  8:41  Overlord  
  153  8:42  Overlord  
  150  8:52  Overlord x2  
  149  9:00  Drone x2  
  149  9:01  Drone x2  
  153  9:06  Drone x3  
  140  9:17  Overlord  
  140  9:18  Overlord x3  
  140  9:19  Queen x2  
  140  9:20  Queen  
  134  9:31  Roach x5  
  133  9:33  Roach  
  133  9:36  Roach  
  121  9:41  Roach x2  
  121  9:44  Roach  
  127  9:46  Roach  
  127  9:50  Roach  
  127  9:52  Roach  
  125  9:54  Roach  
  125  9:56  Tunneling Claws  
  125  9:57  Burrow  
  125  9:58  Roach  
  129  10:00  Roach  
  129  10:03  Queen  
  129  10:05  Roach x2  
  129  10:07  Roach  
  139  10:15  Roach x3  
  139  10:21  Roach x2  
  139  10:23  Roach  
  139  10:27  Roach x2  
  145  10:30  Roach x3  
  145  10:35  Overlord  
  151  10:37  Roach x3  
  151  10:38  Roach x2  
  159  10:43  Roach x2  
  159  10:47  Roach x2  
  167  10:56  Roach x2  
  169  11:00  Roach x3  
  171  11:05  Overlord  
  171  11:07  Overlord x2  
  171  11:08  Roach  
  173  11:15  Roach x4  
  169  11:19  Roach x4  
  171  11:28  Roach x7  
  171  11:30  Roach x4  
  167  11:33  Roach  
  167  11:34  Roach x2  
  161  11:44  Roach  
  147  11:47  Roach x13  
  147  11:49  Roach x2  
  147  11:50  Roach  
  147  11:52  Roach x7  
  172  11:55  Roach x2  
  172  12:00  Roach x2  
  178  12:02  Roach  
  178  12:03  Roach  
  180  12:14  Roach x2  
  169  12:16  Roach x2  
  169  12:20  Queen, Roach  
  169  12:23  Roach x10  
  169  12:28  Roach x8  
  169  12:29  Roach  
  159  12:32  Hatchery, Roach  
  159  12:34  Roach x2  
  159  12:36  Roach  
  154  12:44  Roach x3  
  154  12:49  Roach x21  
  154  12:50  Roach  
  144  12:56  Queen  
  144  12:58  Roach x12  
  168  13:02  Roach  
  168  13:04  Roach x2  
  168  13:05  Roach  
  168  13:10  Roach x11  
  168  13:14  Roach x23  
  168  13:15  Roach  
  168  13:18  Roach  
  174  13:21  Roach  
Show
View Real Time Build Order
Export as new Build Order

Geralt Protoss 

Build Orders: 1 Gate Expand, Double Forge, Oracle Opening, Zealot Archon 

Get SALT Encoding   

  12  0:00  Probe  
  13  0:12  Probe  
  14  0:19  Pylon  
  14  0:24  Probe  
  15  0:37  Probe (Chrono Boost)  
  15  0:40  Gateway  
  16  0:46  Probe (Chrono Boost)  
  16  0:49  Assimilator  
  17  0:52  Probe  
  18  1:04  Probe  
  19  1:16  Probe  
  20  1:26  Nexus  
  20  1:29  Probe  
  21  1:40  Cybernetics Core  
  21  1:42  Probe  
  22  1:49  Assimilator  
  22  1:54  Pylon  
  22  1:57  Probe  
  23  2:12  Probe  
  23  2:13  Adept (Chrono Boost)  
  26  2:24  Probe  
  26  2:26  Stargate  
  27  2:34  Warp Gate  
  27  2:35  Adept (Chrono Boost)  
  27  2:37  Probe  
  28  2:39  Probe  
  31  2:49  Probe  
  33  2:51  Probe  
  33  2:58  Adept  
  35  3:01  Probe  
  35  3:03  Probe  
  41  3:13  Probe  
  41  3:14  Void Ray (Chrono Boost)  
  41  3:19  Gateway  
  42  3:24  Probe, Pylon  
  43  3:29  Probe  
  44  3:37  Probe  
  43  3:41  Oracle (Chrono Boost)  
  43  3:42  Probe  
  47  3:51  Probe  
  48  3:56  Probe  
  49  4:06  Probe  
  49  4:08  Probe  
  49  4:12  Pylon  
  49  4:13  Assimilator  
  49  4:16  Assimilator  
  49  4:18  Probe  
  49  4:20  Forge  
  49  4:21  Forge  
  50  4:29  Adept x2  
  54  4:33  Probe  
  54  4:35  Probe  
  56  4:38  Nexus  
  55  4:45  Probe  
  55  4:47  Probe  
  55  4:50  Protoss Ground Weapons Level 1 (Chrono Boost), Protoss Ground Armor Level 1 (Chrono Boost)  
  55  4:52  Twilight Council  
  57  4:53  Pylon  
  57  4:57  Pylon  
  57  4:58  Probe  
  57  4:59  Probe  
  59  5:10  Nexus  
  59  5:13  Probe  
  60  5:15  Adept  
  60  5:16  Adept  
  65  5:21  Probe  
  65  5:25  Probe  
  66  5:28  Pylon  
  66  5:29  Shield Battery  
  66  5:33  Probe, Blink  
  66  5:34  Templar Archives  
  67  5:37  Probe  
  67  5:40  Stalker x2  
  72  5:48  Probe  
  72  5:49  Probe  
  74  5:54  Pylon  
  74  6:00  Probe, Psionic Storm  
  74  6:01  Probe  
  74  6:03  Gateway x2  
  76  6:12  Probe  
  76  6:13  Probe, High Templar  
  80  6:22  Pylon  
  80  6:24  Probe, Gateway  
  81  6:26  Probe (Chrono Boost)  
  81  6:28  Gateway  
  81  6:29  Gateway  
  81  6:32  Probe (Chrono Boost)  
  83  6:35  Pylon  
  83  6:36  Probe (Chrono Boost)  
  85  6:41  Gateway  
  85  6:43  Gateway  
  85  6:44  Probe (Chrono Boost)  
  85  6:46  Probe x2 (Chrono Boost)  
  87  6:48  High Templar x2  
  87  6:53  Probe  
  92  6:55  Photon Cannon  
  92  6:57  Protoss Ground Weapons Level 2 (Chrono Boost), Assimilator  
  92  6:58  Protoss Ground Armor Level 2 (Chrono Boost), Pylon  
  92  7:03  Assimilator  
  92  7:06  Probe  
  93  7:13  Stalker x2  
  93  7:15  Probe  
  98  7:16  Pylon  
  98  7:28  Stalker  
  98  7:29  Stalker x4  
  108  7:32  Photon Cannon  
  108  7:42  Archon  
  103  7:45  Stalker x3  
  103  7:46  Stalker  
  100  7:52  Stalker x3  
  100  7:54  Probe  
  100  7:57  Stalker  
  93  8:04  Stalker  
  75  8:23  Probe  
  75  8:25  Robotics Facility  
  73  8:33  Stalker x5  
  78  8:54  Stalker  
  80  8:55  Shield Battery  
  80  8:58  Stalker x3  
  80  9:01  Pylon  
  86  9:04  Probe  
  85  9:11  Pylon  
  85  9:12  Zealot, Pylon  
  85  9:15  Immortal  
  84  9:22  Zealot x2  
  77  9:26  Zealot  
  77  9:30  Zealot  
  69  9:45  Probe x2  
  70  9:57  Probe  
  70  9:58  Cybernetics Core  
  71  10:02  Gateway  
  71  10:04  Observer (Chrono Boost)  
  72  10:09  Probe  
  73  10:15  Robotics Bay  
  67  10:23  Probe  
  67  10:25  Zealot  
  67  10:27  Probe  
  71  10:45  Adept x2  
  75  10:54  High Templar x2  
  79  11:03  Disruptor (Chrono Boost)  
  79  11:09  Stalker  
  80  11:13  Stalker  
  80  11:15  Stalker  
  67  11:37  Stalker x4  
  67  11:38  Disruptor  
  59  11:56  Stalker  
  59  11:57  Probe  
  59  11:58  Probe  
  49  12:14  Disruptor (Chrono Boost)  
  49  12:17  Zealot  
  49  12:18  Zealot  
  49  12:21  Probe  
  49  12:29  Stalker  
  34  12:47  Observer (Chrono Boost)  
  35  12:54  High Templar x2  
  39  13:27  Zealot  
  39  13:28  High Templar  
  43  13:38  Archon  
Tags
 
Add a new tag
Caveats
  • Supply blocks, unpowered buildings, or Contaminate may cause inaccurate times.
  • Supply counts are checked every 10 seconds.